 Dungeon Crawl Stone Soup version 0.23.0 (webtiles) character file.

Game seed: 15671258917602184319

27867 Lovchig the Cleaver (level 13, -3/121 HPs)
             Began as a Deep Dwarf Fighter on Feb 14, 2019.
             Was a High Priest of Makhleb.
             Slain by a death knight
             ... wielding a +3 great mace of crushing
              (5 damage)
             ... on level 13 of the Dungeon.
             The game lasted 00:39:35 (10221 turns).

Lovchig the Cleaver (Deep Dwarf Fighter)           Turns: 10221, Time: 00:39:35

Health: -3/121     AC: 15    Str: 24    XL:     13   Next: 6%
Magic:  15/15 (6)  EV: 11    Int: 10    God:    Makhleb [*****.]
Gold:   907        SH: 13    Dex: 15    Spells: 12/12 levels left

rFire    . . .     SeeInvis .   K - +0 war axe (elec)
rCold    . . .     Gourm    .   c - +0 shield
rNeg     + . .     Faith    .   H - +0 plate armour
rPois    .         Spirit   .   (helmet restricted)
rElec    .         Reflect  .   O - +0 cloak
rCorr    .         Harm     .   x - +0 pair of gloves
MR       .....                  C - +1 pair of boots
Stlth    ..........             (no amulet)
HPRegen  0.00/turn              b - +3 ring of dexterity
MPRegen  0.14/turn              U - ring of the Establishment {rN+ MP+9 Stlth-}

@: vulnerable, non-regenerating, slowed, studying Transmutations, very slow
A: damage resistance, heal wounds, beak, deformed body, sense surroundings 2,
wild magic 1, no regeneration
a: Heal Wounds, Minor Destruction, Lesser Servant of Makhleb, Major Destruction,
Greater Servant of Makhleb, Renounce Religion


You were on level 13 of the Dungeon.
You worshipped Makhleb.
Makhleb was extremely pleased with you.
You were not hungry.

You visited 1 branch of the dungeon, and saw 13 of its levels.
You also visited: Sewer and Ossuary.

You collected 907 gold pieces.

Inventory:

Hand Weapons
 a - a +0 scimitar of flaming
 K - a +0 war axe of electrocution (weapon)
Armour
 c - a +0 shield (worn)
 v - a +1 helmet
 x - a +0 pair of gloves (worn)
 C - a +1 pair of boots (worn)
 H - a +0 plate armour (worn)
 O - a +0 cloak (worn)
Jewellery
 b - a +3 ring of dexterity (left hand)
 k - an uncursed ring of protection from cold
 w - an uncursed ring of flight
 D - an uncursed ring of resist corrosion
 N - an uncursed ring of protection from magic
 U - the ring of the Establishment (right hand) {rN+ MP+9 Stlth-}
   (You found it on level 12 of the Dungeon)

   [ring of attention]

   It protects you from negative energy.
   It affects your magic capacity (+9).
   It makes you less stealthy.
Wands
 h - a wand of polymorph (11)
 q - a wand of acid (7)
 y - a wand of random effects (27)
 B - a wand of disintegration (18)
 P - a wand of paralysis (13)
 S - a wand of flame (24)
 T - a wand of enslavement (7)
Scrolls
 e - 13 scrolls of remove curse
 g - a scroll of fear
 s - 6 scrolls of teleportation
 t - 5 scrolls of enchant weapon
 z - 3 scrolls of amnesia
 A - 3 scrolls of enchant armour
 G - 5 scrolls of magic mapping
 I - 3 scrolls of blinking
 Q - 2 scrolls of fog
Potions
 d - 5 potions of might
 i - 10 potions of curing
 j - 4 potions of lignification
 l - 2 potions of resistance
 m - 4 potions of agility
 n - a potion of flight
 o - a potion of invisibility
 p - 6 potions of magic
 r - a potion of cancellation
 E - 3 potions of brilliance
 F - 3 potions of heal wounds
 J - 2 potions of haste
 L - a potion of mutation
 M - 2 potions of ambrosia {unknown}
Books
 R - a manual of Transmutations
Comestibles
 f - 27 rations
 u - 6 chunks of flesh


   Skills:
 * Level 9.0 Fighting
 * Level 14.5 Axes
 * Level 10.5 Armour
 * Level 8.2 Dodging
 * Level 11.0 Shields


You had 12 spell levels left.
You didn't know any spells.
Your spell library contained the following spells:

 Spells                   Type           Power        Failure   Level  Hunger
 Beastly Appendage        Tmut           #.....       100%        1    ##.....
 Confusing Touch          Hex            #.....       100%        1    ##.....
 Magic Dart               Conj           #...         100%        1    ##.....
 Blink                    Tloc           N/A          100%        2    ###....
 Call Imp                 Summ           #.......     100%        2    ###....
 Searing Ray              Conj           #.....       100%        2    ###....
 Slow                     Hex            #.......     100%        2    ###....
 Sticks to Snakes         Tmut           #.......     100%        2    ###....
 Confuse                  Hex            #.......     100%        3    ####...
 Conjure Flame            Conj/Fire      #.......     100%        3    ####...
 Dazzling Spray           Conj/Hex       #.....       100%        3    ####...
 Gell's Gravitas          Tloc           #.........   100%        3    ####...
 Mephitic Cloud           Conj/Pois/Air  #.......     100%        3    ####...
 Spider Form              Tmut/Pois      #.........   100%        3    ####...
 Force Lance              Conj/Tloc      #.......     100%        4    #####..
 Fulminant Prism          Conj/Hex       #.........   100%        4    #####..
 Ice Form                 Ice/Tmut       #.......     100%        4    #####..
 Iskenderun's Mystic Bla  Conj           #.......     100%        4    #####..
 Petrify                  Tmut/Erth      #.......     100%        4    #####..
 Blade Hands              Tmut           #.........   100%        5    ######.
 Bolt of Magma            Conj/Fire/Erth #.........   100%        5    ######.
 Iskenderun's Battlesphe  Conj/Chrm      #.......     100%        5    ######.
 Metabolic Englaciation   Hex/Ice        #.........   100%        5    ######.
 Venom Bolt               Conj/Pois      #.........   100%        5    ######.
 Yara's Violent Unravell  Hex/Tmut       #.........   100%        5    ######.
 Iron Shot                Conj/Erth      #.........   100%        6    #######
 Orb of Destruction       Conj           #.........   100%        7    #######
 Spellforged Servitor     Conj/Summ      #.........   100%        7    #######


Dungeon Overview and Level Annotations

Branches:
Dungeon (13/15)            Temple (0/1) D:7            Lair (0/6) D:8
    Orc (0/2) D:12
 Vaults: D:13-14

Altars:
Cheibriados
Elyvilon
Gozag
Hepliaklqana
Kikubaaqudgha
Makhleb
Nemelex Xobeh
Okawaru
Qazlal
Sif Muna
Uskayaw
Vehumet
Zin
The Shining One

Shops:
D:12 :


Innate Abilities, Weirdness & Mutations

You are resistant to damage.
You can heal yourself by infusing magical energy.
You passively map the area around you.
You do not regenerate.
You have a beak for a mouth.
Armour fits poorly on your strangely shaped body.
Your spells are a little harder to cast, but a little more powerful.


Message History

Your plate armour prevents you from hitting the phantasmal warrior.
You slash the wraith!
Your plate armour prevents you from hitting the wraith.
The phantasmal warrior hits you!
* * * LOW HITPOINT WARNING * * *
The wraith hits you!
* * * LOW HITPOINT WARNING * * *
The wraith drains your vigour!
You feel as though you will be slow longer.
The wraith hits you.
You slice the death knight!!
The death knight is heavily wounded.
You hit the wraith. x2
You destroy the wraith!
Makhleb accepts your kill.
You hit the phantasmal warrior but do no damage.
Lightning courses through the phantasmal warrior!
The death knight hits you with a +3 great mace of crushing!!
* * * LOW HITPOINT WARNING * * *
You die...

#.# #...#...#...#...####...รท.
#.# ###.#.#...#.#.### ######
###.# ############# #.. #...# #.#
#.### ,, #.# #.# ,* ###.#
##'######## ###+##### #....
#>..#.....######.......# * *#....
#.#.#.###.'....W@p.....#*........
#.#...#...######.W.....# .###....
'.#####.### #.......+ ** #....
#.#.......# #.......# ####.
###'####### #.......# #. #.#
####+#### .. #.### * *,* #...###
* , ###...# * ,


You could see a death knight, a phantasmal warrior and a wraith.

Vanquished Creatures
  Snorg (D:11)
  Erica (D:8)
  A centaur warrior (D:13)
  5 two-headed ogres
  A tengu warrior (D:13)
  Nergalle (D:11)
  The ghost of teukkam the Protected, a novice MiFi of Wu Jian (D:9)
  2 unseen horrors
  The ghost of Rhok the Grappler, a novice DrTm of Ru (D:6)
  2 cyclopes
  3 ugly things
  2 manticores
  Maurice (D:8)
  A guardian serpent (D:12)
  A gargoyle (D:13)
  2 kobold demonologists (D:12)
  A komodo dragon (D:13)
  A queen bee (D:8)
  A tengu conjurer (D:13)
  2 trolls
  2 hornets (D:10)
  A meliai zombie (D:11)
  A hippogriff (D:11)
  A shadow (D:13)
  5 wraiths
  3 wyverns
  17 yaks
  A steam dragon (D:11)
  A hungry ghost (D:9)
  2 vampire mosquitoes (D:12)
  Edmund (D:5)
  A water moccasin (D:11)
  A spectral hornet (D:6)
  3 porcupines (D:8)
  7 sky beasts
  6 ogres
  11 orc warriors
  4 ice beasts
  A hornet zombie (D:7)
  A necrophage (D:11)
  2 eyes of draining
  11 centaurs
  4 big kobolds
  An elf zombie (Ossuary)
  2 gnoll sergeants
  7 bullfrogs
  A scorpion (D:5)
  A water moccasin skeleton (D:12)
  23 killer bees
  4 howler monkeys
  6 crimson imps
  2 bullfrog zombies
  2 centaur zombies
  2 centaur skeletons
  3 orc priests
  3 bullfrog skeletons
  3 hounds
  5 jellies
  7 orc wizards
  Crazy Yiuf (D:7)
  4 iguanas
  Jessica (D:2)
  8 worker ants
  Terence (D:2)
  A killer bee zombie (D:9)
  A bullfrog simulacrum (D:6)
  A hound zombie (D:7)
  3 mummies (Ossuary)
  Robin (D:2)
  22 adders
  14 gnolls
  A howler monkey skeleton (D:4)
  3 river rats (Sewer)
  6 shadow imps
  4 oozes
  9 worms
  3 dart slugs
  8 leopard geckos
  38 orcs
  14 ball pythons
  8 giant cockroaches
  16 goblins
  4 hobgoblins (D:2)
  21 jackals
  8 quokkas
  12 bats
  5 frilled lizards
  4 goblin zombies (Ossuary)
  2 hobgoblin zombies (Ossuary)
  A jackal skeleton (D:4)
  19 kobolds
  4 kobold zombies (Ossuary)
  A quokka skeleton (D:8)
  40 rats
  6 plants (D:4)
485 creatures vanquished.

Vanquished Creatures (others)
  3 fungi (D:8)
  4 plants (D:4)
7 creatures vanquished.

Grand Total: 492 creatures vanquished

Notes
Turn   | Place    | Note
-------+----------+-------------------------------------------
     0 | D:1      | Lovchig the Deep Dwarf Fighter began the quest for the Orb.
     0 | D:1      | Reached XP level 1. HP: 20/20 MP: 1/1
    29 | D:1      | Reached XP level 2. HP: 24/27 MP: 2/2
   412 | D:1      | Reached XP level 3. HP: 26/34 MP: 3/3
   604 | D:2      | Found a glowing silver altar of Zin.
   640 | D:2      | Noticed Terence
   649 | D:2      | Killed Terence
   743 | D:2      | Reached skill level 1 in Dodging
   743 | D:2      | Reached XP level 4. HP: 17/42 MP: 3/3
   780 | D:2      | Reached skill level 3 in Axes
   822 | D:2      | Found a deep blue altar of Sif Muna.
  1011 | D:2      | Noticed Robin
  1022 | D:2      | Killed Robin
  1184 | D:2      | Noticed Jessica
  1200 | D:2      | Reached XP level 5. HP: 17/49 MP: 4/4
  1205 | D:2      | Killed Jessica
  1294 | D:2      | Found an opulent altar of Gozag.
  1294 | D:2      | Found an iron altar of Okawaru.
  1480 | D:3      | Reached skill level 4 in Axes
  1892 | D:3      | Reached XP level 6. HP: 21/56 MP: 5/5
  2227 | D:4      | Found an opulent altar of Gozag.
  2247 | D:4      | HP: 1/56 [ogre/+0 giant spiked club (17)]
  2254 | D:4      | Reached skill level 5 in Axes
  2333 | D:4      | Reached XP level 7. HP: 17/63 MP: 6/6
  2596 | D:4      | Reached skill level 5 in Shields
  3244 | D:5      | Entered Level 5 of the Dungeon
  3287 | D:5      | Reached skill level 6 in Axes
  3359 | D:5      | Reached skill level 5 in Armour
  3387 | D:5      | Reached skill level 7 in Axes
  3387 | D:5      | Reached XP level 8. HP: 42/72 MP: 7/7
  3517 | D:5      | Found a white marble altar of Elyvilon.
  3546 | D:5      | Found a snail-covered altar of Cheibriados.
  3561 | D:5      | Noticed Edmund
  3582 | D:5      | Killed Edmund
  3820 | D:5      | Found a glowing drain.
  3850 | Sewer    | Entered a sewer
  4092 | Sewer    | Reached skill level 8 in Axes
  4222 | D:6      | Found a runed translucent gate.
  4224 | D:6      | Found a runed translucent gate.
  4261 | D:6      | Found a sand-covered staircase.
  4271 | Ossuary  | Entered an ossuary
  4761 | D:6      | Found a radiant altar of Vehumet.
  4769 | D:6      | Gained mutation: You passively map the area around you.
                  | [Deep Dwarf growth]
  4769 | D:6      | Reached XP level 9. HP: 41/80 MP: 7/7
  4815 | D:6      | Found a burning altar of Makhleb.
  4823 | D:6      | Became a worshipper of Makhleb the Destroyer
  4866 | D:6      | Found a glowing golden altar of the Shining One.
  4908 | D:6      | Found a runed translucent gate.
  4917 | D:6      | Reached skill level 5 in Fighting
  5126 | D:6      | Noticed Rhok's ghost (novice DrTm)
  5135 | D:6      | Reached skill level 9 in Axes
  5175 | D:6      | Killed Rhok's ghost
  5313 | D:7      | Found a staircase to the Ecumenical Temple.
  5653 | D:7      | Found a runed translucent door.
  5654 | D:7      | Noticed Crazy Yiuf
  5739 | D:7      | Killed Crazy Yiuf
  5840 | D:8      | Reached * piety under Makhleb
  5847 | D:8      | Found a white marble altar of Elyvilon.
  5853 | D:8      | Found a burning altar of Makhleb.
  5893 | D:8      | Reached skill level 10 in Axes
  5901 | D:8      | Noticed Maurice
  6026 | D:8      | Reached skill level 5 in Dodging
  6026 | D:8      | Reached XP level 10. HP: 61/91 MP: 5/7
  6052 | D:8      | Reached ** piety under Makhleb
  6111 | D:8      | Killed Maurice
  6125 | D:8      | Noticed Erica
  6134 | D:8      | Killed Erica
  6134 | D:8      | Reached skill level 11 in Axes
  6193 | D:8      | Found a staircase to the Lair.
  6333 | D:9      | Found a hide-covered altar of Uskayaw.
  6442 | D:9      | Noticed teukkam's ghost (novice MiFi)
  6451 | D:9      | Found a transporter.
  6455 | D:9      | Noticed a two-headed ogre
  6456 | D:9      | Identified the +8 dire flail of Duty {crush, *Contam Str+7}
  6456 | D:9      | Noticed a two-headed ogre
  6498 | D:9      | Found a stormy altar of Qazlal.
  6596 | D:9      | Found a stormy altar of Qazlal.
  6674 | D:9      | Found a hazy altar of Hepliaklqana.
  6699 | D:9      | Found an ancient bone altar of Kikubaaqudgha.
  6721 | D:9      | Noticed a two-headed ogre
  6728 | D:9      | Killed a two-headed ogre
  6876 | D:9      | Found a transporter.
  6887 | D:9      | Killed a two-headed ogre
  6887 | D:9      | Reached XP level 11. HP: 48/99 MP: 5/5
  6893 | D:9      | Killed a two-headed ogre
  6896 | D:9      | Killed teukkam's ghost
  6923 | D:10     | Entered Level 10 of the Dungeon
  6946 | D:10     | Reached skill level 12 in Axes
  6965 | D:10     | Reached *** piety under Makhleb
  7194 | D:10     | Killed an unseen horror
  7401 | D:10     | Paralysed by a hornet for 3 turns
  7612 | D:10     | Found a deep blue altar of Sif Muna.
  7767 | D:11     | Noticed a purple ugly thing
  7777 | D:11     | Killed a purple ugly thing
  7819 | D:11     | Noticed a two-headed ogre
  7829 | D:11     | Killed a two-headed ogre
  7907 | D:11     | Reached **** piety under Makhleb
  7936 | D:11     | Noticed Nergalle
  7947 | D:11     | Killed Nergalle
  8152 | D:11     | Noticed Snorg
  8181 | D:11     | Killed Snorg
  8181 | D:11     | Reached skill level 13 in Axes
  8181 | D:11     | Reached XP level 12. HP: 54/110 MP: 5/5
  8230 | D:11     | Reached skill level 10 in Shields
  8683 | D:12     | Found a staircase to the Orcish Mines.
  8734 | D:12     | Reached ***** piety under Makhleb
  8793 | D:12     | Found Idufaadd's Book Shoppe.
  8849 | D:12     | Reached skill level 10 in Armour
  9196 | D:12     | Got a clouded marble ring
  9569 | D:12     | Noticed a two-headed ogre
  9577 | D:12     | Killed a two-headed ogre
  9577 | D:12     | Reached skill level 14 in Axes
  9601 | D:12     | Identified the ring of the Establishment {rN+ MP+9 Stlth-}
                  | (You found it on level 12 of the Dungeon)
  9603 | D:12     | Gained mutation: Your flesh is heat resistant. (rF+)
                  | [potion of mutation]
  9603 | D:12     | Gained mutation: You evolve. [potion of mutation]
  9793 | D:13     | Lost mutation: You evolve. [potion of mutation]
  9793 | D:13     | Gained mutation: Scrolls take you a little longer to read.
                  | [potion of mutation]
  9793 | D:13     | Gained mutation: Armour fits poorly on your strangely
                  | shaped body. [potion of mutation]
  9793 | D:13     | Gained mutation: You have a beak for a mouth. [potion of
                  | mutation]
  9816 | D:13     | Noticed a centaur warrior
  9824 | D:13     | Killed a centaur warrior
  9944 | D:13     | Lost mutation: Scrolls take you a little longer to read.
                  | [potion of mutation]
  9944 | D:13     | Lost mutation: Your flesh is heat resistant. (rF+) [potion
                  | of mutation]
  9944 | D:13     | Lost mutation: Armour fits poorly on your strangely shaped
                  | body. [potion of mutation]
  9944 | D:13     | Gained mutation: Armour fits poorly on your strangely
                  | shaped body. [potion of mutation]
  9944 | D:13     | Gained mutation: Your spells are a little harder to cast,
                  | but a little more powerful. [potion of mutation]
 10009 | D:13     | Reached XP level 13. HP: 112/121 MP: 6/6
 10050 | D:13     | Found a sparkling altar of Nemelex Xobeh.
 10221 | D:13     | HP: 2/121 [death knight/+3 great mace of crushing (23)]
 10221 | D:13     | Slain by a death knight

Skill      XL: |  1  2  3  4  5  6  7  8  9 10 11 12 13 |
---------------+----------------------------------------+-----
Fighting       | 3 4 5 6 7 9 |  9.0
Dodging        | 1 2 3 5 6 7 8 |  8.2
Axes           | 3 4 5 7 8 10 11 13 14 | 14.5
Armour         | 4 5 6 8 9 10 | 10.5
Shields        | 4 5 6 7 8 9 10 11 | 11.0

Action                   |  1- 3 |  4- 6 |  7- 9 | 10-12 | 13-15 || total
-------------------------+-------+-------+-------+-------+-------++-------
Melee: War axe           |   113 |   300 |   590 |   744 |    30 ||  1777
       Peck              |       |       |       |    24 |     5 ||    29
 Abil: Heal Wounds       |     1 |     4 |    11 |    14 |       ||    30
  Use: Scroll            |       |    10 |     9 |     5 |       ||    24
       Potion            |       |       |       |     5 |       ||     5
 Stab: Invisible         |       |       |       |     6 |       ||     6
  Eat: Chunk             |       |     6 |    12 |    20 |     1 ||    39
Armor: Scale mail        |    39 |       |       |       |       ||    39
       Chain mail        |    23 |   173 |   241 |       |       ||   437
       Plate armour      |       |       |    65 |   432 |    17 ||   514
Dodge: Dodged            |    37 |    78 |   161 |   289 |    11 ||   576
Block: Shield            |    95 |   203 |   323 |   514 |    24 ||  1159
